woodfighter, chaotic female elven Rogue --- |}}}| --- |.----- ----}}}| --.-- --- |.....-- |..}}}- |...----.-- |......---.}}}- --- --...||...| |..........}%.| ---------.----- |...-|..-- -----|-....}.}.---.............| --...|..| |.....|....}}......--------|--.--------....| - |.....|...}}}}.....|%%%%%|...|..--..| --...-- |. ------|..}}}}}.....|%%%!%|...|......----....| |. |???|.}}}}}}.....|.....|---|.|...........-- .. |.?.|.}}}}}......--)---|...|.|-->......--- --|-----|???|..}}}}}.....).....|...|.|...--....| | ----+-----.......|...|.}}}}}}}....[.....--|--.|.---|.|..-- |....@.@.h.....@...--|---.}}}}}}}-|---|-...(.......| ----..| | ------.....u@.h.h....}}..}}}}|..|..|..)......------- --.| |.....------...};..}}}}.|(.|..|....----.......| --- |.... |..}.}..}}}}.-------...--..--......--- -.. |.}}}....}}}..... ...... ..|.....[..-- .. -}}}.....}}}.----------.- -.....--...| --- }}}.---.}}}}.| -- --<|..|----- }}}--- ---}}}}| ------ woodfighter the Rogue Experience level: 8 Strength: 17 Dexterity: 18 Constitution: 16 Intelligence: 11 Wisdom: 9 Charisma: 9 Health: 0(52) Energy: 45(45) Def: 12 Gold: 0 Moves: 9833 Dungeon seed: IisvOfZwhwBD5IFm Game ID: woodfighter_1515934428 Your Inventory: Amulets U - an uncursed amulet of reflection (being worn) Weapons a - a blessed +3 elven short sword named Sword of Fate (weapon in hand) A - 11 +0 elven daggers (in quiver) Armor e - a blessed +0 cloak of protection (being worn) n - a blessed +0 orcish helm (being worn) r - an uncursed +0 dwarvish cloak z - an uncursed +0 pair of gauntlets of dexterity (being worn) C - an uncursed +0 elven mithril-coat (being worn) D - an uncursed +0 elven shield (being worn) R - an uncursed +0 pair of elven boots (being worn) Comestibles t - an uncursed food ration v - 2 uncursed tripe rations G - an uncursed sprig of wolfsbane W - 2 uncursed candy bars Z - 2 uncursed lizard corpses Rings c - an uncursed ring of polymorph control (on right hand) Wands k - a wand of magic missile (0:7) E - a wand of digging (0:3) F - a wand of fire (0:7) H - a wand of magic missile (0:3) Tools g - an uncursed blindfold l - an uncursed brass lantern (0:1157) q - a +0 unicorn horn s - an uncursed bag of holding y - an uncursed lock pick B - an uncursed towel P - an expensive camera (0:48) X - a bag of tricks (0:13) Gems w - an uncursed luckstone Contents of the bag of holding: 33 gold pieces a cursed [+0] elven dagger a [uncursed] [+0] dwarvish cloak a [uncursed] [+0] dwarvish cloak a [uncursed] [+0] dwarvish cloak a [uncursed] [+0] dwarvish cloak a [uncursed] [+0] dwarvish cloak a [uncursed] [+0] dwarvish cloak a [uncursed] [+0] dwarvish cloak a [uncursed] [+0] dwarvish cloak a [uncursed] [+0] dwarvish cloak a [uncursed] [+3] dwarvish cloak a [uncursed] [+0] mummy wrapping 3 uncursed tripe rations a [uncursed] scroll of earth a [blessed] scroll of enchant weapon a [uncursed] scroll of enchant weapon a [cursed] scroll of identify a [uncursed] scroll of identify a [cursed] scroll of magic mapping a [uncursed] scroll of stinking cloud 2 [uncursed] scrolls of teleportation a [uncursed] spellbook of detect monsters a [uncursed] spellbook of wizard lock a [uncursed] potion of gain ability a [uncursed] potion of water an uncursed ring of poison resistance a [uncursed] ring of regeneration a [uncursed] ring of shock resistance a [uncursed] wand of digging [0:5] an uncursed [+0] pick-axe 7 [uncursed] tallow candles [0:200] a [blessed] tallow candle [0:200] a [uncursed] wax candle [0:400] Spells and supernatural/magical abilities: Name Level Category Fail Memory W - pray for help -- divine ? -- Your skills at the end: Miscellaneous Skills wands [Basic] Weapon Skills dagger [Basic] short sword [Basic] Spellcasting Skills Final Attributes: You were piously aligned. You were cold resistant. You were sleep resistant. You were poison resistant. Your writing hand was ok. You were telepathic. You had infravision. You were stealthy. You were protected. You had polymorph control. You had reflection. You were lucky. You had extra luck. Bad luck did not time out for you. Good luck did not time out for you. You are dead. Vanquished creatures: 2 giant mimics a quantum mechanic a warhorse a freezing sphere a tengu a chameleon a leather golem 2 winter wolf cubs 2 leprechauns a quivering blob 2 lizards a giant spider a horse an ice vortex a vampire bat 2 gnome kings an orc mummy a gold golem 3 dwarf lords a gray unicorn a dust vortex a gnome mummy 5 Woodland-elves 2 human zombies a rope golem 2 soldier ants 2 fire ants a yellow light a baby crocodile 9 Uruk-hai 2 orc shamans 5 rock piercers a pony 3 fog clouds 2 violet fungi 7 gnome lords a gnomish wizard 3 guardian naga hatchlings a straw golem a jellyfish 3 giant ants 5 floating eyes a kitten 9 dwarves 2 homunculi a kobold lord a kobold shaman 3 iguanas 2 hill orcs 2 rothes 3 jitterbugs a giant bat 2 monkeys 2 orc zombies 9 dwarf zombies 2 gas spores 3 hobbits 3 acid blobs 7 geckos 2 hobgoblins 10 giant rats 3 cave spiders 2 brown molds 4 yellow molds 3 green molds 4 red molds 28 gnomes a gnome zombie 12 jackals 2 foxes 2 kobolds 7 newts 4 goblins 5 sewer rats 9 grid bugs 2 bats 4 lichens 243 creatures vanquished. Voluntary challenges: You did not cause conflict. You were not invisible. You did not have reflection until turn 7149. You were not displaced. You used a wielded weapon 350 times, starting on turn 42. You did not use plumbed fixtures. You did not drink any magical draughts. You read items or engraved 4 times, starting on turn 3966. You never genocided any monsters. You never polymorphed an object. You never changed form. You completed Sokoban on turn 7020, according to the rules. You used no wishes. You never split a pudding. You never wrote Elbereth's name. You never violated your personal moral code. Dungeon overview: The Dungeons of Doom: levels 1 to 10 Level 1 a fountain a long staircase Level 2 Level 3 an altar to Mog stairs to The Gnomish Mines Level 4 a fountain, a sink Level 5 Level 6 an altar to Kos, a fountain Level 7 a fountain Level 8 many fountains Level 9 a potion shop, a fountain stairs to Sokoban Level 10 The Gnomish Mines: levels 4 to 7 Level 4 stairs to The Dungeons of Doom Level 5 Level 6 Level 7 <- You were here some shops Sokoban: levels 5 to 8 Level 5 a magic chest Level 6 a sink Level 7 Level 8 an altar to Mog, a magic chest stairs to The Dungeons of Doom History has recorded: On T:1 you entered the Dungeons of Doom to retrieve the Amulet of Yendor! On T:164 you reached level 2 of The Dungeons of Doom. On T:423 you advanced to experience level 2. On T:451 you reached level 3 of The Dungeons of Doom. On T:683 you reached level 4 of The Dungeons of Doom. On T:847 you reached level 1 of The Gnomish Mines. On T:946 you advanced to experience level 3. On T:1311 you reached level 5 of The Dungeons of Doom. On T:1557 you advanced to experience level 4. On T:1803 you reached level 6 of The Dungeons of Doom. On T:1829 you reached level 7 of The Dungeons of Doom. On T:1846 you advanced to experience level 5. On T:2261 you reached level 8 of The Dungeons of Doom. On T:2558 you advanced to experience level 6. On T:2969 you prayed to Kos. On T:3238 you reached level 9 of The Dungeons of Doom. On T:3581 you reached level 10 of The Dungeons of Doom. On T:3914 you prayed to Kos. On T:3950 you reached level 4 of Sokoban. On T:3963 you opened a magic chest. On T:3998 you advanced to experience level 7. On T:4464 you reached level 3 of Sokoban. On T:5070 you reached level 2 of Sokoban. On T:5341 you prayed to Kos. On T:6039 you reached level 1 of Sokoban. On T:7020 you advanced to experience level 8. On T:7020 you entered the Sokoban zoo. On T:7753 you reached level 2 of The Gnomish Mines. On T:7965 you reached level 3 of The Gnomish Mines. On T:8734 you reached level 4 of The Gnomish Mines. Score breakdown: Gold: 33 ( 3 points) Experience: 8 levels ( 700 points) Exploration: 10 levels ( 270 points) Discoveries: 42 items ( 2000 points) Variety of kills: 77 monsters ( 2000 points) Major goal: finished Sokoban ( 1000 points) Survival: died (score multiplied by 3) Total score: 17919 Latest messages: The quantum mechanic interacts with you! You stab the quantum mechanic! The quantum mechanic interacts with you! You kill the quantum mechanic! You stab the rope golem! The rope golem misses. The rope golem claws you! You stab the rope golem! (2x) The rope golem misses. The rope golem claws you! You destroy the rope golem! r - a hooded cloak. There are a few more objects here. It doesn't seem as poisonous as you thought... This quantum mechanic corpse tastes terrible! You stop eating. (3x) The horse kicks! The horse misses. You stab the horse! The horse kicks! The horse just misses! The horse misses. The horse bites! You die... Final status: Goodbye woodfighter the Rogue, killed by a horse... You died in The Gnomish Mines on dungeon level 7 with 17919 points, and 33 pieces of gold, after 9833 moves. You were level 8 with a maximum of 52 hit points when you died.